Map: Dusty Gorge

Players

Dilbert - Winner!

  • Race: Terran Terran
  • League: Platinum
  • Spawn Location: 5:00

Tyler - Winner!

  • Race: Protoss Protoss
  • Spawn Location: 3:00

JaySlays

  • Race: Protoss Protoss
  • Spawn Location: 9:00

Wolf

  • Race: Zerg Zerg
  • League: Diamond
  • Spawn Location: 11:00

VOD

Have the link to the VOD?

Description

Time

  • Played on: April 22, 2018, 2:36 a.m.
  • Length: 18:20
Show
View Real Time Build Order
Export as new Build Order

Dilbert Terran - Winner!

Build Orders: Bio Tank 

Get SALT Encoding   

  12  0:17  SCV  
  13  0:29  Supply Depot  
  13  0:55  Command Center  
  13  1:04  Barracks  
  13  1:10  SCV  
  14  1:22  SCV  
  15  1:28  Supply Depot  
  15  1:34  SCV  
  16  1:43  Barracks  
  16  1:50  SCV  
  16  1:53  Marine  
  18  2:02  SCV  
  19  2:14  Refinery  
  19  2:15  Marine  
  20  2:17  SCV  
  20  2:18  SCV  
  22  2:41  Engineering Bay  
  22  2:43  Marine  
  23  2:49  SCV x2  
  25  2:52  Refinery  
  25  2:53  Marine  
  26  2:59  Barracks  
  26  3:01  Marine  
  27  3:11  Marine  
  27  3:12  Missile Turret  
  28  3:13  SCV  
  28  3:19  Marine  
  30  3:24  Missile Turret  
  30  3:33  Factory  
  30  3:40  Orbital Command  
  30  3:44  SCV  
  31  3:51  Barracks Tech Lab  
  31  3:52  Marine  
  31  3:54  Marine  
  33  3:59  SCV  
  34  4:10  SCV  
  35  4:22  SCV, Factory Tech Lab  
  36  4:30  Barracks Tech Lab  
  36  4:32  Barracks Reactor  
  36  4:35  Siege Tank  
  36  4:36  Barracks Tech Lab  
  39  4:41  Missile Turret  
  39  4:43  Orbital Command  
  39  4:51  Marauder  
  39  4:52  Supply Depot  
  41  4:58  Combat Shields  
  41  5:00  Marine  
  41  5:06  Missile Turret  
  43  5:07  SCV  
  43  5:12  Marine  
  43  5:13  Marine  
  45  5:19  SCV  
  46  5:21  Starport  
  46  5:26  SCV  
  47  5:29  Marine  
  47  5:30  Marine  
  49  5:39  Refinery  
  49  5:40  Marine, Refinery  
  50  5:50  Supply Depot, Marine x2  
  52  5:59  Medivac  
  46  6:22  Siege Tank  
  49  6:29  Stimpack  
  49  6:30  Marine x4  
  49  6:32  Command Center  
  55  6:39  Starport Reactor  
  53  6:44  SCV x2  
  55  6:49  Marine x4  
  59  6:56  SCV x2  
  61  7:07  Marine  
  62  7:10  Marine x2  
  62  7:11  Marine  
  56  7:15  Liberator  
  50  7:24  Marine  
  50  7:26  Liberator  
  50  7:28  Marine x3, Siege Tank  
  60  7:38  Supply Depot  
  60  7:40  Barracks, Supply Depot  
  60  7:42  Marine  
  60  7:43  Barracks  
  64  7:45  Marine  
  64  7:46  Marine x2  
  67  7:56  Factory  
  67  8:00  Marine  
  67  8:03  Marine  
  67  8:04  Marine x2  
  71  8:15  Medivac  
  71  8:18  Marine  
  63  8:40  Planetary Fortress  
  63  8:42  Factory Tech Lab  
  63  8:45  Factory  
  63  8:46  Marine  
  63  8:47  Marine x5  
  63  8:48  Medivac x2  
  71  8:51  SCV x2  
  75  9:04  Marine x2  
  75  9:05  Marine  
  75  9:07  Siege Tank  
  75  9:09  SCV x2  
  83  9:17  Marine x2  
  83  9:18  Marine  
  83  9:20  SCV  
  83  9:21  SCV  
  88  9:24  Medivac  
  90  9:35  Factory Tech Lab  
  90  9:42  Marine x2  
  90  9:43  Refinery  
  92  9:57  Supply Depot  
  92  9:58  Supply Depot  
  92  9:59  Terran Infantry Weapons Level 1  
  92  10:01  Siege Tank  
  95  10:09  Refinery  
  88  10:19  Marine x6  
  75  10:37  Marine x6  
  81  10:48  Siege Tank x3  
  87  10:54  Marine  
  87  10:55  Marine x5  
  70  11:12  Marine x3  
  70  11:13  Marine x3  
  70  11:28  Supply Depot  
  70  11:30  Marine x2, Reaper  
  70  11:31  Marine x2, Reaper  
  76  11:38  Siege Tank x2  
  69  11:48  Marine x4  
  69  12:02  Marine x2  
  69  12:06  Marine x4  
  74  12:20  Marine x2  
  76  12:31  Marine x4  
  80  12:38  Marine x2, Command Center  
  82  12:49  Marine x4  
  85  12:56  Marine x2  
  85  12:57  Siege Tank x2  
  93  13:10  Marine  
  94  13:13  Supply Depot  
  94  13:34  Marine x5  
  94  13:41  Marine  
  100  13:51  Planetary Fortress  
  100  13:52  Marine x2  
  100  13:53  SCV  
  103  14:11  SCV x2  
  103  14:12  Marine x4  
  109  14:23  SCV  
  109  14:25  Siege Tank  
  109  14:26  Marine x2  
  109  14:30  Marine x3  
  117  14:53  Supply Depot  
  117  14:55  Siege Tank x2  
  117  14:58  Marine x2  
  117  14:59  Marine x2  
  125  15:00  Marine  
  125  15:14  Marine, Siege Tank  
  125  15:16  Marine x2  
  125  15:17  Marine x2  
  133  15:24  Marine  
  132  15:32  Marine  
  133  15:41  Marine  
  133  15:43  Marine  
  94  15:59  Marine  
  94  16:02  Marine x4  
  94  16:03  Marine  
  97  16:04  Medivac x2  
  97  16:07  Siege Tank x3  
  101  16:17  Marine  
  101  16:19  Marine x2  
  103  16:34  Medivac x2  
  103  16:39  Siege Tank  
  110  16:42  Siege Tank  
  113  16:49  Refinery  
  113  16:50  SCV  
  113  16:53  SCV x2  
  116  17:02  SCV  
  116  17:04  Medivac x2  
  116  17:05  SCV x2  
  123  17:13  Siege Tank x2  
  123  17:14  Siege Tank, SCV  
  133  17:46  Medivac, SCV  
Show
View Real Time Build Order
Export as new Build Order

Tyler Protoss - Winner!

Build Orders:  

Get SALT Encoding   

  12  0:04  Probe  
  13  0:14  Pylon  
  13  0:18  Probe  
  14  0:30  Probe  
  15  0:36  Gateway  
  15  0:40  Probe  
  16  0:47  Assimilator  
  16  0:48  Probe  
  16  0:56  Probe  
  18  1:06  Forge  
  18  1:09  Probe  
  19  1:16  Assimilator  
  19  1:21  Probe  
  19  1:25  Pylon  
  20  1:33  Probe  
  21  1:42  Photon Cannon  
  21  1:51  Photon Cannon  
  21  1:54  Probe  
  22  2:13  Cybernetics Core  
  22  2:44  Nexus  
  22  2:51  Stargate  
  22  2:58  Stargate  
  22  3:21  Void Ray  
  22  3:23  Pylon  
  22  3:31  Void Ray  
  30  3:57  Void Ray  
  31  4:04  Void Ray  
  34  4:22  Probe x2  
  40  4:34  Probe  
  42  4:38  Probe  
  42  4:40  Pylon  
  42  4:46  Probe  
  42  4:50  Probe  
  44  4:58  Probe  
  45  5:03  Probe  
  50  5:09  Photon Cannon  
  50  5:11  Probe x2  
  50  5:12  Photon Cannon  
  48  5:33  Void Ray  
  48  5:35  Void Ray  
  48  6:13  Probe x2  
  48  6:15  Assimilator  
  50  6:19  Assimilator  
  50  6:22  Pylon  
  50  6:24  Pylon  
  50  6:25  Probe x2  
  58  6:47  Probe x2  
  60  6:59  Probe x2  
  62  7:12  Void Ray  
  62  7:19  Pylon  
  62  7:22  Void Ray  
  62  7:23  Pylon  
  62  7:30  Pylon  
  62  7:37  Probe x2  
  62  7:40  Stargate  
  64  7:49  Pylon  
  64  7:50  Void Ray  
  64  7:58  Void Ray  
  68  8:10  Nexus  
  68  8:11  Pylon  
  72  8:20  Void Ray  
  72  8:23  Void Ray  
  72  8:25  Assimilator  
  72  8:31  Assimilator  
  80  8:38  Nexus  
  80  8:42  Void Ray  
  76  9:03  Void Ray  
  76  9:06  Void Ray  
  84  9:22  Probe x2  
  84  9:24  Probe  
  84  9:29  Void Ray  
  84  9:30  Probe x2  
  91  9:32  Probe  
  94  9:39  Probe  
  94  9:40  Probe  
  94  9:41  Probe  
  94  9:44  Protoss Air Armor Level 1  
  97  9:50  Photon Cannon  
  97  9:51  Probe, Void Ray  
  97  9:52  Probe  
  103  9:53  Probe  
  104  10:00  Void Ray  
  104  10:28  Void Ray  
  100  10:35  Stargate  
  104  10:46  Void Ray  
  108  10:55  Probe x2  
  110  11:06  Nexus  
  110  11:07  Pylon  
Show
View Real Time Build Order
Export as new Build Order

JaySlays Protoss 

Build Orders: Zealot Archon 

Get SALT Encoding   

  12  0:01  Probe  
  13  0:13  Probe  
  14  0:20  Pylon  
  14  0:25  Probe  
  15  0:32  Assimilator  
  15  0:41  Probe  
  15  0:46  Gateway  
  15  0:49  Probe  
  17  0:59  Probe  
  18  1:04  Assimilator  
  18  1:07  Probe  
  19  1:15  Probe  
  19  1:18  Pylon  
  20  1:25  Probe  
  21  1:36  Cybernetics Core  
  21  1:38  Probe  
  22  1:50  Probe  
  23  2:02  Warp Gate  
  23  2:17  Twilight Council  
  23  2:20  Robotics Facility  
  23  2:22  Probe  
  24  2:27  Zealot  
  26  2:44  Gateway  
  26  2:46  Gateway  
  26  2:54  Stalker  
  26  2:57  Templar Archives  
  28  3:17  Pylon  
  28  3:28  Nexus  
  28  3:35  Charge  
  28  3:40  Probe  
  29  3:52  Probe  
  30  3:57  Gateway  
  30  4:07  Immortal  
  34  4:26  High Templar x2  
  38  4:33  Probe  
  38  4:35  Pylon  
  39  4:39  Warp Prism  
  39  4:41  Archon  
  40  4:45  Probe  
  40  4:46  Zealot  
  44  4:53  Probe  
  44  4:57  Probe  
  44  4:59  High Templar  
  48  5:06  Probe  
  48  5:07  Assimilator  
  49  5:09  Probe  
  49  5:12  High Templar  
  52  5:18  Probe  
  53  5:22  Stalker  
  53  5:23  Archon  
  55  5:35  Pylon  
  55  5:40  Zealot x2  
  55  5:41  Probe x2  
  61  5:43  Pylon  
  61  5:47  Forge  
  61  6:00  Pylon  
  49  6:26  Zealot  
  49  6:27  Zealot x3  
  49  6:31  Probe x2  
  57  6:40  Probe  
  57  6:43  Probe  
  57  6:46  Assimilator  
  59  6:47  Zealot  
  59  6:48  Probe, Zealot x3  
  68  6:55  Probe  
  68  6:59  Protoss Ground Weapons Level 1  
  69  7:07  Probe  
  52  7:23  Zealot x4  
  58  7:30  Gateway  
  58  7:33  Gateway  
  58  7:35  Gateway  
  58  7:40  Probe  
  58  7:41  Probe  
  60  7:48  High Templar x4  
  68  7:53  Probe  
  69  8:00  Immortal  
  69  8:01  Archon x2  
  73  8:16  Nexus  
  73  8:18  Zealot x2  
  77  8:34  Pylon  
  77  8:37  Immortal  
  77  8:43  Protoss Ground Armor Level 1  
  81  9:01  Zealot x2  
  81  9:02  Zealot x4  
  93  9:09  Pylon  
  93  9:11  Pylon, Probe  
  93  9:13  Psionic Storm  
  94  9:20  Pylon  
  94  9:27  Probe x2  
  96  9:32  Pylon  
  96  9:34  Pylon, High Templar x5  
  96  9:35  High Templar  
  96  9:37  Pylon  
  108  9:38  Archon  
  108  9:39  Archon  
  108  9:40  Archon  
  78  10:25  Zealot  
  78  10:26  Zealot x5  
  78  10:27  Zealot  
  64  10:52  Zealot x5  
  64  10:53  Zealot x2  
  64  10:55  Probe  
  64  10:56  Probe x2  
  79  11:06  Immortal  
  79  11:08  Probe x3  
  86  11:13  Stalker x3  
  86  11:14  Stalker x3  
  96  11:41  Stalker x6  
  96  11:45  Immortal  
  104  11:58  Stalker  
  90  12:05  Stalker x3  
  90  12:06  Stalker x3  
  102  12:09  Protoss Ground Weapons Level 2  
  94  12:22  Probe x3  
  80  12:25  Stalker  
  80  12:32  Stalker x2  
  80  12:33  Photon Cannon  
  80  12:34  Photon Cannon  
  71  12:44  Stalker x3  
  71  12:45  Stalker  
  61  12:52  Stalker  
  59  13:00  Stalker  
  59  13:01  Stalker  
  61  13:06  Probe x2  
  61  13:08  Probe  
  58  13:18  Probe  
  58  13:19  Stalker x3  
  59  13:31  High Templar x2  
  51  13:45  Probe x2  
  43  13:49  Probe  
  43  13:53  Probe  
  43  13:54  Probe  
  40  13:55  Archon  
  40  14:01  Probe  
  40  14:02  Zealot  
  45  14:03  Probe  
  45  14:18  Stalker  
  36  14:36  Photon Cannon  
  36  14:38  Probe  
  34  14:43  Probe  
  34  14:45  Probe  
  35  15:13  High Templar  
  12  15:57  High Templar  
  14  16:05  Probe  
  14  16:08  Probe x2  
  17  16:14  Probe  
  18  16:19  Probe  
  19  16:25  Probe  
  20  16:38  Probe  
  20  16:39  Probe  
  21  16:46  Probe  
  22  16:48  Archon  
  22  16:49  Probe  
  22  16:50  Probe  
  25  16:58  Probe  
  25  17:00  Probe  
  26  17:07  Probe  
  28  17:13  High Templar  
  30  17:19  High Templar  
  32  17:23  Archon  
  32  17:26  Probe x3  
  31  17:38  Probe  
  32  17:45  Zealot x3  
  32  17:47  High Templar  
  39  17:59  Zealot  
Show
View Real Time Build Order
Export as new Build Order

Wolf Zerg 

Build Orders: Hatch First 

Get SALT Encoding   

  12  0:01  Drone  
  13  0:13  Overlord  
  13  0:18  Drone  
  14  0:32  Drone x2  
  16  0:35  Drone  
  17  0:55  Hatchery  
  16  1:00  Drone  
  16  1:01  Drone  
  18  1:14  Extractor  
  17  1:18  Spawning Pool  
  17  1:23  Drone x2  
  18  1:28  Drone  
  19  1:40  Drone  
  20  1:50  Overlord  
  19  2:19  Drone x2  
  19  2:20  Drone x2  
  23  2:26  Queen  
  25  2:32  Metabolic Boost  
  25  2:34  Hatchery  
  24  2:42  Queen  
  26  2:53  Drone x3  
  26  2:55  Drone  
  30  2:59  Drone  
  30  3:02  Drone  
  32  3:15  Lair  
  32  3:21  Drone x3, Evolution Chamber  
  32  3:25  Overlord  
  34  3:27  Drone  
  34  3:29  Drone  
  34  3:33  Extractor  
  35  3:36  Drone  
  35  3:38  Overlord  
  36  3:45  Drone x3  
  39  3:59  Zerg Missile Weapons Level 1  
  39  4:02  Drone x4  
  43  4:03  Drone x3  
  43  4:07  Queen  
  48  4:10  Zergling x2  
  48  4:12  Zergling x2  
  50  4:19  Extractor  
  50  4:20  Extractor  
  48  4:29  Zergling x6  
  48  4:30  Zergling x8  
  55  4:37  Baneling Nest  
  54  4:39  Drone  
  54  4:40  Drone x3, Hydralisk Den  
  54  4:42  Drone  
  58  4:46  Overlord  
  58  5:01  Overlord  
  58  5:02  Overlord x3  
  58  5:09  Muscular Augments  
  58  5:12  Hydralisk x2  
  62  5:14  Hydralisk  
  62  5:17  Hydralisk  
  63  5:25  Spore Crawler  
  63  5:26  Spore Crawler  
  55  5:30  Hydralisk  
  55  5:31  Hydralisk  
  57  5:53  Hydralisk x4  
  65  6:04  Hydralisk x2  
  65  6:09  Drone x3  
  72  6:28  Zerg Melee Weapons Level 1  
  72  6:30  Grooved Spines  
  72  6:31  Drone x5  
  60  7:23  Drone x2  
  60  7:24  Drone x15  
  60  7:27  Queen  
  60  7:28  Extractor x2  
  77  7:35  Evolution Chamber, Infestation Pit  
  75  7:43  Hydralisk  
  77  7:44  Hydralisk x5  
  77  7:47  Overlord  
  77  7:50  Overlord  
  87  7:59  Spore Crawler  
  87  8:00  Spore Crawler  
  87  8:05  Drone x5  
  90  8:06  Drone  
  90  8:11  Zerg Missile Weapons Level 2  
  88  8:31  Queen  
  89  8:35  Hydralisk x6  
  89  8:36  Hydralisk  
  103  8:48  Overlord x3  
  103  8:49  Overlord  
  103  9:05  Zergling x6  
  103  9:07  Zergling x2  
  103  9:08  Zergling x18  
  116  9:17  Zerg Melee Weapons Level 2  
  116  9:25  Zergling x6  
  116  9:26  Zergling x2  
  116  9:29  Overseer  
  116  9:30  Overseer  
  120  9:31  Pneumatized Carapace  
  120  9:36  Hive  
  118  9:49  Hatchery  
  94  10:35  Zergling x2  
  91  10:36  Zergling x44  
  102  11:27  Hydralisk  
  102  11:30  Overlord x8  
  102  11:31  Overlord x3  
  95  11:40  Hydralisk  
  85  11:51  Hydralisk Den  
  84  11:55  Lair  
  84  11:57  Hydralisk Den  
  83  12:01  Spawning Pool  
  37  12:25  Hydralisk  
  37  12:26  Hydralisk x8  
  47  12:51  Hydralisk  
  47  12:52  Hydralisk x6  
  52  13:10  Drone x3  
  52  13:11  Drone x2, Queen  
  57  13:14  Queen  
  59  13:20  Hatchery  
  58  13:41  Drone  
  58  13:42  Drone x7  
  66  14:04  Queen  
  68  14:13  Hydralisk  
  68  14:14  Hydralisk x9  
  82  15:06  Drone  
  83  15:07  Drone x14  
  35  16:11  Zergling x2  
  35  16:12  Zergling x28  
  42  16:20  Hydralisk Den  
  40  16:45  Drone  
  40  16:46  Drone  
  42  16:51  Spore Crawler  
  42  16:52  Spore Crawler  
  40  17:07  Hatchery  
  39  17:15  Zergling x2  
  39  17:16  Zergling x14  
  44  17:25  Baneling Nest  
  43  17:39  Hydralisk x5  
Tags
 
Add a new tag
Caveats
  • Supply blocks, unpowered buildings, or Contaminate may cause inaccurate times.
  • Supply counts are checked every 10 seconds.